 Dungeon Crawl Stone Soup version 0.25.1-2-g60ff931df9 (webtiles) character file.

Game seed: 9066494517371656159

4 Gunterle the Grasshopper (level 1, 0/10 HPs)
             Began as a Spriggan Warper on Sept 25, 2020.
             Succumbed to a goblin's poison
             ... on level 1 of the Dungeon.
             The game lasted 00:02:03 (387 turns).

Gunterle the Grasshopper (Spriggan Warper)           Turns: 387, Time: 00:02:04

Health: 0/10       AC:  2    Str:  7    XL:     1   Next: 50%
Magic:  5/5        EV: 18    Int: 14    God:
Gold:   12         SH:  0    Dex: 15    Spells: 5/5 levels left

rFire    . . .     SeeInvis +   a - +0 short sword
rCold    . . .     Gourm    .   (shield restricted)
rNeg     . . .     Faith    .   b - +0 robe
rPois    .         Spirit   .   (helmet restricted)
rElec    .         Reflect  .   c - scarf {harm}
rCorr    .         Harm     +   (gloves unavailable)
MR       .....                  (boots unavailable)
Stlth    ++........             (no amulet)
HPRegen  0.03/turn              (no ring)
MPRegen  0.09/turn              (no ring)

@: lethally poisoned (0 -> -18), very slightly contaminated, very quick
A: very small, unfitting armour, see invisible, herbivore, speed 3, slow
metabolism 2
a: no special abilities


You were on level 1 of the Dungeon.
You were not hungry.

You visited 1 branch of the dungeon, and saw 1 of its levels.

You collected 12 gold pieces.

Inventory:

Hand Weapons
 a - a +0 short sword (weapon)
Missiles
 e - 5 boomerangs of dispersal (quivered)
 g - 15 sling bullets
Armour
 b - a +0 robe (worn)
 c - a scarf of harm (worn)
Scrolls
 j - a scroll of magic mapping {unknown}
Comestibles
 f - 3 rations


   Skills:
 + Level 1.6 Fighting
 * Level 2.3 Short Blades
 + Level 1.0 Throwing
 + Level 3.5 Dodging
 + Level 0.3 Stealth
 + Level 2.8 Spellcasting
   Level 4.4 Translocations


You had 5 spell levels left.
You didn't know any spells.
Your spell library contained the following spells:

 Spells                   Type           Power        Failure   Level  Hunger
 Blink                    Tloc           N/A          5%          2    ###....
 Gell's Gravitas          Tloc           ##........   11%         3    ###....
 Lesser Beckoning         Tloc           ##........   11%         3    ###....
 Teleport Other           Tloc           ##......     11%         3    ###....
 Shroud of Golubria       Chrm/Tloc      #.....       14%         2    ###....
 Passage of Golubria      Tloc           N/A          34%         4    #####..


Dungeon Overview and Level Annotations

Branches:
Dungeon (1/15)

Altars:

Annotations:
D:1 exclusion: goblin


Innate Abilities, Weirdness & Mutations

You are very small and have problems with some larger weapons.
You are too small for most types of armour.
You have supernaturally acute eyesight. (SInv)
You are a herbivore.
You cover ground extremely quickly.
You need to consume almost no food.


Message History

You feel sick.
You aren't carrying any potions.
Blink to where?
Press: ? - help, Dir - move target cursor You are very lightly contaminated with residual magic.
As you read the scroll of blinking, it crumbles to dust.
* * * LOW HITPOINT WARNING * * *
You feel sick.
You aren't carrying any potions.
Unknown command.
As you read the scroll labeled XALUIV BAFFICW, it crumbles to dust.
It is a scroll of amnesia.
You feel forgetful for a moment.
* * * LOW HITPOINT WARNING * * *
You feel sick.
Okay, then.
As you read the scroll labeled UROOXTE RUOCAE, it crumbles to dust.
You hear a loud clanging noise!
It was a scroll of noise.
You die...

#.#......##..##..# #...#..# #.
#.#......##..##..###...#..# #.
#.#......##g.##...........# #.
#.........................# #.
####........###.##.###.......# #.
..##........# #.##.# #...>...###.
..##........###.##.####.#.....##.
..#...........................###
..#...######..#.@..####.#.#...###
###...........####.# #.#.#......
......#####...# #.# #.#.#......
###.#.#####...# #.. ..#.#.####.
#.#.#.......# #... ......# #.
###.#.#.......# #.... #.#.####.
....#.#.......####.#### #.#.#....
....'............... . ####.
....#.#....#..####.# #.


You could see a goblin.

Vanquished Creatures
  A dart slug (D:1)
  A hobgoblin (D:1)
2 creatures vanquished.

Notes
Turn   | Place    | Note
-------+----------+-------------------------------------------
     0 | D:1      | Gunterle the Spriggan Warper began the quest for the Orb.
     0 | D:1      | Reached XP level 1. HP: 10/10 MP: 5/5
   387 | D:1      | Succumbed to a goblin's poison

Illustrated notes

Levels and vault maps discovered:
D:1:      dpeg_arrival_rooms_a, layout_basic, ashenzari_altar_1

Action                   || total
-------------------------++-------
Melee: Short sword       ||     8
  Use: Scroll            ||     3
 Stab: Sleeping          ||     2
Dodge: Dodged            ||     2
